 Dungeon Crawl Stone Soup version 0.24-a0-493-g7e4ddcd485 (webtiles) character file.

Game seed: 17273222504736329397

231671 KristoblXynda the Carver (level 18, -9/155 HPs)
             Began as a Green Draconian Gladiator on July 12, 2019.
             Was the Champion of Ashenzari.
             Killed from afar by Bai Suzhen (37 damage)
             ... with a torrent of water
             ... on level 15 of the Dungeon.
             The game lasted 02:02:54 (58936 turns).

KristoblXynda the Carver (DrGl)                    Turns: 58936, Time: 02:02:55

Health: -9/155     AC: 18    Str: 19    XL:     18   Next: 36%
Magic:  24/32      EV: 21    Int: 19    God:    Ashenzari [******]
Gold:   1027       SH: 18    Dex: 12    Spells: 11/37 levels left

rFire    . . .     SeeInvis +   w - +5 scimitar (flame) (curse)
rCold    . . .     Gourm    .   D - +2 shield (curse)
rNeg     . . .     Faith    .   (armour unavailable)
rPois    +         Spirit   .   b - +2 hat (curse)
rElec    +         Reflect  +   J - +2 cloak (curse)
rCorr    .         Harm     .   (no gloves)
MR       ++...     Clarity  +   p - +2 pair of boots (curse)
Stlth    ++........             S - +3 amulet of reflection (curse)
HPRegen  0.35/turn              o - ring of Asyryota {Wiz rElec MR+} (curse)
MPRegen  0.23/turn              K - +4 ring of intelligence (curse)

@: very slow
A: breathe noxious fumes, unfitting armour, stinger 1, poison resistance,
cold-blooded, AC +10
}: 2/15 runes: decaying, serpentine
a: Breathe Noxious Fumes, Curse Item, Scrying, Transfer Knowledge, Renounce
Religion


You were on level 15 of the Dungeon.
You worshipped Ashenzari.
Ashenzari was exalted by your worship.
You were hungry.

You visited 7 branches of the dungeon, and saw 33 of its levels.
You also visited: Sewer and Bailey.

You collected 3172 gold pieces.
You spent 2145 gold pieces at shops.

Inventory:

Hand Weapons
 w - a cursed +5 scimitar of flaming (weapon)
Missiles
 c - 14 throwing nets (quivered)
Armour
 b - a cursed +2 hat (worn)
 p - a cursed +2 pair of boots (worn)
 D - a cursed +2 shield (worn)
 J - a cursed +2 cloak (worn)
 W - a scarf of cloud immunity
Jewellery
 o - the cursed ring of Asyryota (left hand) {Wiz rElec MR+}
   (You bought it in a shop on level 2 of the Orcish Mines)

   [ring of wizardry]

   It improves your spell success rate.
   It insulates you from electricity.
   It affects your resistance to hostile enchantments.
   It has a curse placed upon it.
 r - an uncursed amulet of the acrobat
 K - a cursed +4 ring of intelligence (right hand)
 S - a cursed +3 amulet of reflection (around neck)
Wands
 n - a wand of iceblast (3)
 B - a wand of disintegration (8)
 Q - a wand of digging (1)
 T - a wand of paralysis (11)
 U - a wand of acid (8)
Scrolls
 e - 8 scrolls of fog
 f - 5 scrolls of blinking
 i - 5 scrolls of enchant armour
 j - 11 scrolls of teleportation
 k - 6 scrolls of remove curse
 u - 2 scrolls of silence
 v - 7 scrolls of amnesia
 y - 5 scrolls of magic mapping
 G - 2 scrolls of immolation
 M - a scroll of holy word
 O - a scroll of summoning
 R - 14 scrolls of identify
 V - a scroll of enchant weapon
Potions
 a - 3 potions of mutation
 g - 4 potions of invisibility
 h - 11 potions of heal wounds
 l - 2 potions of magic
 m - 5 potions of agility
 q - 4 potions of flight
 t - 11 potions of curing
 x - a potion of ambrosia
 z - 4 potions of lignification
 A - 4 potions of might
 C - 5 potions of brilliance
 E - a potion of resistance
 I - 6 potions of haste
 L - 4 potions of cancellation
Miscellaneous
 F - 2 sacks of spiders
 H - a phial of floods (inert)
 N - a fan of gales (inert)
 P - a lamp of fire (inert)
Comestibles
 d - 27 rations


   Skills:
 - Level 12.3 Fighting
 - Level 14.0(18.0) Long Blades
 - Level 2.0 Throwing
 - Level 12.3(15.0) Dodging
 - Level 3.1(5.7) Stealth
 - Level 12.3(15.0) Shields
 - Level 10.3 Spellcasting
 - Level 5.8(10.3) Conjurations
 - Level 8.0(12.4) Hexes
 + Level 9.0(13.4) Necromancy
 + Level 11.7(15.9) Transmutations
 + Level 0.6(2.6) Air Magic
 - Level 10.0(14.3) Evocations


You had 11 spell levels left.
You knew the following spells:

 Your Spells              Type           Power        Failure   Level  Hunger
a - Tukima's Dance        Hex            ######..     1%          3    None
b - Necromutation         Tmut/Necr      ######....   41%         8    #######
c - Regeneration          Chrm/Necr      #####.....   1%          3    None
d - Conjure Flame         Conj/Fire      ####....     1%          3    None
e - Spectral Weapon       Hex/Chrm       ####....     1%          3    None
f - Deflect Missiles      Chrm/Air       ###.......   89%         6    ######.

Your spell library contained the following spells:

 Spells                   Type           Power        Failure   Level  Hunger
 Corona                   Hex            ######.      1%          1    None
 Magic Dart               Conj           ####         1%          1    None
 Sting                    Conj/Pois      ####         1%          1    None
 Ensorcelled Hibernation  Hex/Ice        ####..       1%          2    None
 Searing Ray              Conj           #####.       1%          2    None
 Slow                     Hex            ######..     1%          2    None
 Throw Frost              Conj/Ice       ####..       1%          2    None
 Confuse                  Hex            ######..     1%          3    None
 Dazzling Spray           Conj/Hex       ######       1%          3    None
 Mephitic Cloud           Conj/Pois/Air  ####....     1%          3    None
 Fulminant Prism          Conj/Hex       ######....   1%          4    ##.....
 Iskenderun's Mystic Bla  Conj           #####...     1%          4    ##.....
 Freeze                   Ice            ##..         2%          1    None
 Infusion                 Chrm           ##..         2%          1    None
 Summon Butterflies       Summ           ##......     2%          1    None
 Poisonous Vapours        Pois/Air       ###...       2%          2    None
 Blink                    Tloc           N/A          3%          2    None
 Call Imp                 Summ           ##......     3%          2    None
 Shroud of Golubria       Chrm/Tloc      ##....       3%          2    None
 Song of Slaying          Chrm           ##......     3%          2    None
 Force Lance              Conj/Tloc      ####....     3%          4    ##.....
 Throw Icicle             Conj/Ice       ####....     3%          4    ##.....
 Silence                  Hex/Air        #####.....   3%          5    #####..
 Summon Mana Viper        Hex/Summ       ####....     5%          5    #####..
 Call Canine Familiar     Summ           ##......     6%          3    None
 Ozocubu's Armour         Chrm/Ice       ##......     6%          3    None
 Venom Bolt               Conj/Pois      ####......   9%          5    #####..
 Summon Lightning Spire   Summ/Air       ###.....     16%         4    ##.....
 Olgreb's Toxic Radiance  Pois           ##......     21%         4    ##.....
 Summon Ice Beast         Ice/Summ       ##......     21%         4    ##.....
 Conjure Ball Lightning   Conj/Air       ####......   30%         6    ######.
 Borgnjor's Revivificati  Necr           ######....   58%         8    #######
 Infestation              Necr           ######....   58%         8    #######
 Haunt                    Necr/Summ      #####.....   77%         7    #######
 Summon Hydra             Summ           ##........   100%        7    #######
 Death's Door             Chrm/Necr      #####.....   100%        8    #######
 Tornado                  Air            ###.......   100%        9    #######


Dungeon Overview and Level Annotations

Branches:
Dungeon (15/15)            Temple (1/1) D:4            Lair (6/6) D:10
  Swamp (4/4) Lair:3        Snake (4/4) Lair:4        Slime (0/5) Lair:6
    Orc (2/2) D:11            Elf (0/3) Orc:2        Vaults (0/5) D:13
 Depths (1/5) D:15

Altars:
Ashenzari
Cheibriados
Dithmenos
Elyvilon
Fedhas
Gozag
Hepliaklqana
Kikubaaqudgha
Makhleb
Nemelex Xobeh
Okawaru
Qazlal
Ru
Sif Muna
Trog
Uskayaw
Vehumet
Wu Jian
Xom
Yredelemnul
Zin
The Shining One
Jiyva
Lugonu

Shops:
D:7 ?   D:8 [   D:13 =}   Orc:1 (   Orc:2 ([*=   Snake:2 *}=}

Portals:
Trove: D:11 (lose all piety)

Annotations:
D:15 Bai Suzhen
Lair:2 exclusion: 2 oklob plants
Lair:3 exclusion: 3 oklob plants
Lair:6 2 runed translucent doors
Swamp:3 Mara


Innate Abilities, Weirdness & Mutations

You can breathe blasts of noxious fumes.
Your lurid green scales are hard. (AC +10)
You cannot fit into any form of body armour.
Your tail ends in a poisonous barb.
Your system is resistant to poisons. (rPois)
You are cold-blooded and may be slowed by cold attacks.


Message History

Anything else - Cancel.
Gang up on whom?
Press: ? - help, Dir - move target cursor, f/p - Bai Suzhen
Aim: Bai Suzhen (thunder, almost dead) Attack!
The four-headed hydra bites your water elemental! x2
The four-headed hydra bites your water elemental but does no damage.
The four-headed hydra bites your water elemental.
Your water elemental is struck by lightning.
Your water elemental hits the four-headed hydra!
Your water elemental engulfs the four-headed hydra in water!
The four-headed hydra disappears in a puff of smoke!
Bai Suzhen bites your water elemental!!
Your water elemental is destroyed!
Your water elemental is struck by lightning.
Your water elemental hits Bai Suzhen.
Unknown command.
Bai Suzhen breathes water at you. The torrent of water hits you!!!
You die...

.##....###'##..#####
.##....##..##..##..##
.##........(....'...#
.##...........<)#...#
.##....##..##..###..# ##########
.##....###'##..#########.......#.
............#...##ED§).##..#.....
............#####≈§≈§...##.#.....
.########..##...@≈#####)>###.###.
.##....##.##...##≈....))####.###.
.......#.##..8.###.....##........
.......#.#......########.........
.......#####.....## #...........
.......##..#####..# #....)......
#####..##..#....(.#####..........
.####..##..#.....##..##..########
.......##..####((##..##..##..##..


You could see Bai Suzhen and a friendly water elemental.

Vanquished Creatures
  A tentacled monstrosity (Swamp:4)
  A thorn hunter (Swamp:1)
  7 nagarajas
  2 orc warlords (Orc:2)
  The ghost of Weptuhet the Peltast, a journeyman MfSk of Okawaru (D:14)
  A very ugly thing (D:15)
  2 green deaths (Swamp:4)
  A fire dragon (D:15)
  An ettin (D:15)
  Fannar (D:10)
  16 hydras
  An ice dragon (D:15)
  A yaktaur captain (D:15)
  4 centaur warriors
  2 ghost crabs
  A death knight (D:14)
  12 naga warriors
  A shambling mangrove (Swamp:3)
  8 anacondas
  Erica (Lair:1)
  8 two-headed ogres
  11 alligators
  3 death yaks (Lair:4)
  The ghost of nikopol the Thaumaturge, a journeyman DEFE of Vehumet (Lair:1)
  The ghost of Mygna the Bludgeoner, a journeyman GrFi of Okawaru (Lair:1)
  2 tengu warriors (D:15)
  17 naga sharpshooters
  2 thrashing horrors (Swamp:4)
  4 orc high priests (Orc:2)
  2 shock serpents
  2 spriggans
  4 salamander mystics
  6 skeletal warriors
  3 unseen horrors
  9 sea snakes (Snake:4)
  A spriggan druid (Swamp:4)
  An obsidian statue (D:14)
  7 naga ritualists
  8 swamp dragons
  2 deep elf magi
  17 mana vipers
  4 orc knights (Orc:2)
  14 ugly things
  A necromancer (D:15)
  A wolf spider (shapeshifter) (D:13)
  6 salamanders
  A wolf spider (D:15)
  2 cyclopes
  A manticore (D:15)
  5 orc sorcerers
  An elephant (D:10)
  Maurice (D:9)
  A torpor snail (Lair:5)
  Psyche (D:9)
  19 guardian serpents
  42 black mambas
  17 naga magi
  2 molten gargoyles (Lair:6)
  4 gargoyles
  11 spiny frogs
  2 orange demons (Swamp:4)
  A rime drake (Lair:1)
  9 komodo dragons
  A tengu conjurer (D:13)
  2 guardian mummies (D:11)
  2 freezing wraiths
  A queen bee (Lair:1)
  A troll (shapeshifter) (D:13)
  7 trolls
  A jumping spider (shapeshifter) (D:15)
  7 tyrant leeches
  Prince Ribbit (D:5)
  5 dream sheep
  38 slime creatures
  A hippogriff (shapeshifter) (D:13)
  7 hornets
  16 blink frogs
  9 bog bodies
  9 hippogriffs
  A slime creature (shapeshifter) (D:15)
  4 shadows
  A vampire (D:15)
  A centaur simulacrum (D:15)
  7 wyverns
  49 yaks
  3 wraiths
  Eustachio (D:5)
  8 basilisks
  2 steam dragons (Lair:6)
  3 hungry ghosts
  7 vampire mosquitoes
  2 large abominations (Swamp:4)
  33 nagas
  3 insubstantial wisps (Swamp:1)
  A warg (Orc:1)
  Edmund (D:6)
  16 swamp worms
  4 acid dragons
  4 hell hounds (Lair:6)
  11 water moccasins
  6 porcupines
  3 swamp drakes
  43 orc warriors
  A sky beast (D:6)
  2 ice beasts
  A black bear (D:8)
  2 phantoms
  10 ogres
  23 crocodiles
  30 centaurs
  A big kobold (D:13)
  11 bullfrogs
  6 gnoll sergeants (Bailey)
  A water moccasin zombie (D:8)
  A wyvern skeleton (D:12)
  3 wyvern zombies
  6 scorpions
  A water moccasin skeleton (D:5)
  2 wights (D:5)
  30 killer bees
  5 electric eels
  9 crimson imps
  3 lava snakes (Lair:6)
  3 centaur zombies
  A bullfrog zombie (D:12)
  36 orc priests
  6 centaur skeletons
  7 hounds
  6 jellies
  34 orc wizards
  4 bullfrog skeletons
  6 gnoll shamans (Bailey)
  5 iguanas
  5 worker ants
  A small abomination (Swamp:4)
  2 hound skeletons
  2 hound zombies
  2 worker ant zombies
  A howler monkey skeleton (D:6)
  19 adders
  18 gnolls
  10 river rats
  5 oozes (D:10)
  4 adder skeletons
  2 dart slugs
  7 leopard geckos
  150 orcs
  8 giant cockroaches
  15 hobgoblins
  22 jackals
  31 kobolds
  2 quokkas
  6 ball pythons
  A ball python skeleton (D:4)
  4 bats
  4 frilled lizards
  19 goblins
  A leopard gecko skeleton (D:5)
  A leopard gecko zombie (D:6)
  23 rats
  A plant (Lair:3)
  A spectral weapon (Snake:4)
1267 creatures vanquished.

Vanquished Creatures (collateral kills)
  Rupert (Lair:5)
  Aizul (Snake:4)
  An ogre mage (D:15)
  2 naga warriors
  A shambling mangrove (Swamp:1)
  A two-headed ogre (D:15)
  2 naga ritualists
  2 black mambas
  3 naga magi
  2 hornets (Swamp:1)
  8 nagas
  A gnoll sergeant (Bailey)
25 creatures vanquished.

Vanquished Creatures (others)
  2 naga sharpshooters (Snake:4)
  A guardian serpent (Snake:4)
  A troll (D:10)
  22 dancing weapons
  A swamp drake (Swamp:1)
  A lava snake (Lair:6)
  A hound (D:10)
  An orc priest (Orc:2)
  6 fungi
  38 plants
  7 spectral weapons
81 creatures vanquished.

Grand Total: 1373 creatures vanquished

Notes
Turn   | Place    | Note
-------+----------+-------------------------------------------
     0 | D:1      | KristoblXynda the Draconian Gladiator began the quest for
                  | the Orb.
     0 | D:1      | Reached XP level 1. HP: 17/17 MP: 1/1
   307 | D:1      | Reached XP level 2. HP: 14/25 MP: 2/2
  1147 | D:2      | Reached XP level 3. HP: 27/30 MP: 3/3
  1211 | D:2      | Found a stormy altar of Qazlal.
  1620 | D:2      | Found a sparkling altar of Nemelex Xobeh.
  1748 | D:3      | Found a shattered altar of Ashenzari.
  1816 | D:3      | Became a worshipper of Ashenzari the Shackled
  2022 | D:3      | Reached XP level 4. HP: 32/38 MP: 4/4
  2068 | D:3      | Found a basalt altar of Yredelemnul.
  2230 | D:3      | Reached skill level 4 in Long Blades
  2635 | D:4      | Reached XP level 5. HP: 43/45 MP: 5/5
  3135 | D:4      | Found a staircase to the Ecumenical Temple.
  3303 | D:4      | Noticed a two-headed ogre
  3382 | D:4      | Found a shadowy altar of Dithmenos.
  3440 | D:4      | Killed a two-headed ogre
  3440 | D:4      | Reached skill level 5 in Fighting
  3440 | D:4      | Reached skill level 6 in Long Blades
  3440 | D:4      | Reached XP level 6. HP: 12/56 MP: 6/6
  3440 | D:4      | Your scales start taking on a lurid green colour.
  3440 | D:4      | Reached XP level 7. HP: 13/61 MP: 7/7
  3440 | D:4      | Gained mutation: Your system is resistant to poisons.
                  | (rPois) [Green Draconian growth]
  3824 | Temple   | Entered the Ecumenical Temple
  3897 | D:5      | Entered Level 5 of the Dungeon
  3903 | D:5      | Found a glowing silver altar of Zin.
  3932 | D:5      | Reached * piety under Ashenzari
  3934 | D:5      | Noticed Prince Ribbit
  3978 | D:5      | Killed Prince Ribbit
  3978 | D:5      | Reached skill level 7 in Long Blades
  3978 | D:5      | Reached skill level 5 in Dodging
  3978 | D:5      | Reached XP level 8. HP: 49/70 MP: 8/8
  4033 | D:5      | Found a glowing drain.
  4037 | Sewer    | Entered a sewer
  4897 | D:5      | Found a transporter.
  4912 | D:5      | Found a transporter.
  5311 | D:5      | Found an iron altar of Okawaru.
  5477 | D:5      | Found a glowing golden altar of the Shining One.
  5516 | D:5      | Noticed Eustachio
  5533 | D:5      | Reached skill level 8 in Long Blades
  5553 | D:5      | Killed Eustachio
  6085 | D:6      | Learned a level 3 spell: Tukima's Dance
  6107 | D:6      | Reached XP level 9. HP: 71/78 MP: 9/9
  6202 | D:6      | Reached skill level 1 in Evocations
  6337 | D:6      | Reached skill level 9 in Long Blades
  6353 | D:6      | Reached skill level 1 in Hexes
  6603 | D:6      | Found a burning altar of Makhleb.
  6696 | D:6      | Noticed Edmund
  6715 | D:6      | Killed Edmund
  7125 | D:7      | Found a flagged portal.
  7233 | Bailey   | Entered a bailey
  7929 | Bailey   | Reached skill level 10 in Long Blades
  7936 | Bailey   | Identified the +4 scimitar "Inoy" {drain, rPois rN++ Str-2
                  | Dex+3}
  8212 | Bailey   | Identified the +7 long sword "Likoi" {elec, MR+ Stlth+}
  8303 | D:7      | Found an opulent altar of Gozag.
  8686 | D:7      | Reached XP level 10. HP: 86/86 MP: 13/13
  9232 | D:7      | Reached ** piety under Ashenzari
  9396 | D:7      | Found Liag Puf's Magic Scroll Emporium.
  9418 | D:8      | Noticed a two-headed ogre
  9424 | D:8      | Killed a two-headed ogre
  9674 | D:8      | Reached skill level 5 in Evocations
  9881 | D:8      | Found Maneir's Armour Boutique.
  9890 | D:8      | Bought a +2 cloak for 198 gold pieces
 10296 | D:8      | Found a sacrificial altar of Ru.
 10297 | D:8      | Found a shimmering altar of Xom.
 10298 | D:8      | Found a blossoming altar of Fedhas.
 10340 | D:8      | Found a hazy altar of Hepliaklqana.
 10773 | D:9      | Noticed Psyche
 10786 | D:9      | Killed Psyche
 10900 | D:9      | Noticed Maurice
 10912 | D:9      | Killed Maurice
 10912 | D:9      | Reached skill level 11 in Long Blades
 10912 | D:9      | Reached skill level 5 in Hexes
 10950 | D:9      | Noticed a two-headed ogre
 10963 | D:9      | Killed a two-headed ogre
 10963 | D:9      | Reached XP level 11. HP: 95/95 MP: 15/15
 11200 | D:9      | Noticed a two-headed ogre
 11204 | D:9      | Killed a two-headed ogre
 11468 | D:10     | Entered Level 10 of the Dungeon
 11765 | D:10     | Reached *** piety under Ashenzari
 11778 | D:10     | Found a shimmering altar of Xom.
 12240 | D:10     | Found a staircase to the Lair.
 12926 | D:10     | Noticed Fannar
 12962 | D:10     | Killed Fannar
 13225 | D:11     | Paralysed by a hornet for 3 turns
 13365 | D:11     | Found a staircase to the Orcish Mines.
 13565 | D:11     | Reached skill level 1 in Spellcasting
 13823 | D:11     | Learned a level 8 spell: Necromutation
 14203 | D:11     | Found a portal to a secret trove of treasure.
 14398 | D:12     | Noticed a red ugly thing
 14409 | D:11     | Killed a red ugly thing
 14414 | D:11     | Reached skill level 10 in Fighting
 14721 | Orc:1    | Entered Level 1 of the Orcish Mines
 14735 | D:12     | Noticed an unseen horror
 14740 | D:12     | Noticed a deep elf mage
 14749 | D:12     | Killed an unseen horror
 14749 | D:12     | Reached XP level 12. HP: 89/106 MP: 17/17
 15457 | D:12     | Reached **** piety under Ashenzari
 15541 | D:12     | Reached skill level 1 in Shields
 15797 | D:11     | Reached skill level 12 in Long Blades
 17577 | D:13     | Noticed a seven-headed hydra
 17585 | D:13     | Noticed a two-headed ogre
 17585 | D:13     | an eye of devastation changed into a two-headed ogre
 17591 | D:13     | Killed a seven-headed hydra
 17593 | D:13     | a two-headed ogre changed into a wolf spider
 17860 | D:13     | Found Zuipn's Jewellery Emporium.
 17919 | D:13     | Found a gate to the Vaults.
 17975 | D:13     | Noticed a two-headed ogre
 17987 | D:13     | Killed a two-headed ogre
 18081 | D:13     | Noticed a centaur warrior
 18094 | D:13     | Paralysed by a hornet for 2 turns
 18105 | D:13     | Killed a centaur warrior
 18105 | D:13     | Reached XP level 13. HP: 73/113 MP: 20/20
 18128 | D:13     | Found Hunam's Gadget Boutique.
 18322 | D:13     | Reached skill level 5 in Spellcasting
 18472 | D:13     | Learned a level 3 spell: Regeneration
 18681 | D:14     | Found a runed translucent door.
 18681 | D:14     | Noticed Weptuhet's ghost (journeyman MfSk)
 19703 | D:14     | Reached skill level 5 in Shields
 20060 | D:14     | Reached ***** piety under Ashenzari
 20317 | D:15     | Entered Level 15 of the Dungeon
 20654 | Lair:1   | Entered Level 1 of the Lair of Beasts
 21201 | Lair:1   | Found a runed translucent gate.
 21248 | Lair:1   | Found a runed translucent gate.
 21248 | Lair:1   | Found a runed translucent gate.
 21248 | Lair:1   | Noticed Mygna's ghost (journeyman GrFi)
 21249 | Lair:1   | Noticed nikopol's ghost (journeyman DEFE)
 21275 | Lair:1   | Noticed Erica
 21283 | Lair:1   | Killed Erica
 21283 | Lair:1   | Reached skill level 13 in Long Blades
 21810 | Lair:1   | Killed nikopol's ghost
 21854 | Lair:1   | Killed Mygna's ghost
 23309 | Lair:3   | Reached skill level 10 in Evocations
 24056 | Lair:3   | Reached skill level 1 in Necromancy
 24082 | Lair:3   | Found a staircase to the Swamp.
 24886 | Lair:4   | Found a staircase to the Snake Pit.
 24896 | Lair:4   | Reached skill level 10 in Dodging
 25048 | Lair:4   | Gained mutation: Your tail ends in a poisonous barb. [Green
                  | Draconian growth]
 25048 | Lair:4   | Reached XP level 14. HP: 121/121 MP: 23/23
 25486 | Lair:4   | Reached ****** piety under Ashenzari
 25692 | Lair:5   | Noticed Rupert
 25731 | Snake:1  | Entered Level 1 of the Snake Pit
 25855 | Lair:4   | Reached skill level 1 in Transmutations
 26853 | Lair:6   | Entered Level 6 of the Lair of Beasts
 27001 | Lair:5   | Killed Rupert
 27855 | Lair:6   | Found a viscous altar of Jiyva.
 27855 | Lair:6   | Found a staircase to the Slime Pits.
 30351 | Lair:6   | Found a large runed translucent door.
 30352 | Lair:6   | Found a large runed translucent door.
 30989 | Orc:2    | Entered Level 2 of the Orcish Mines
 30989 | Orc:2    | Noticed an orc warlord
 31190 | Orc:1    | Found Umyloupo's Weapon Boutique.
 31542 | Orc:1    | Reached skill level 14 in Long Blades
 31964 | Orc:2    | Reached skill level 5 in Necromancy
 31982 | Orc:2    | Reached skill level 1 in Stealth
 32120 | Orc:2    | Noticed an orc warlord
 32154 | Orc:2    | Killed an orc warlord
 32166 | Orc:2    | Found a staircase to the Elven Halls.
 32776 | Orc:2    | Reached XP level 15. HP: 66/126 MP: 27/27
 33031 | Orc:2    | Killed an orc warlord
 33323 | Orc:2    | Reached skill level 5 in Transmutations
 33755 | Orc:2    | Found Olot Xos's General Store.
 33756 | Orc:2    | Found Limpuseck's Jewellery Shoppe.
 33758 | Orc:2    | Found Agoeb's Antique Armour Emporium.
 33758 | Orc:2    | Found Enofowk's Antique Weapon Emporium.
 33764 | Orc:2    | Bought a pair of glowing boots for 210 gold pieces
 33789 | Orc:2    | Bought the ring of Asyryota {Wiz rElec MR+} for 496 gold
                  | pieces
 34179 | D:7      | Bought a scroll of identify for 28 gold pieces
 34179 | D:7      | Bought a scroll of identify for 28 gold pieces
 34179 | D:7      | Bought a scroll of enchant weapon for 105 gold pieces
 34363 | Swamp:1  | Entered Level 1 of the Swamp
 35014 | Swamp:1  | Identified the +8 broad axe "Hoxyar" {antimagic, *Drain rN+
                  | SInv}
 35572 | Swamp:1  | Noticed a thorn hunter
 35584 | Swamp:1  | Killed a thorn hunter
 39144 | Swamp:3  | Reached skill level 10 in Shields
 39364 | Swamp:3  | Noticed Mara
 40644 | Snake:1  | Reached XP level 16. HP: 129/137 MP: 28/28
 41232 | Snake:1  | Identified the +5 long sword of Toasm {slice, +Blink SInv}
 41232 | Snake:1  | Identified the +7 quarterstaff of Upheaval {crush, rPois}
 41232 | Snake:1  | Identified the cursed -2 pair of boots "Kiutrur" {Str+5}
 41527 | D:14     | Killed Weptuhet's ghost
 42661 | D:15     | Identified the +8 mace of Gesuxu {flame, +Blink Int+3}
 42673 | D:15     | Identified the +7 great mace of Bile {pain, rN++ Str+2
                  | Int-3 SInv}
 43033 | D:15     | Found a staircase to the Depths.
 43814 | Lair:1   | Identified the +7 quarterstaff of Upheaval {crush, rPois}
 43896 | Swamp:1  | Learned a level 3 spell: Conjure Flame
 44156 | Swamp:4  | Entered Level 4 of the Swamp
 44455 | Swamp:4  | Reached skill level 1 in Conjurations
 46137 | Swamp:4  | Noticed a tentacled monstrosity
 46177 | Swamp:4  | Killed a tentacled monstrosity
 46684 | Swamp:4  | Got a decaying rune of Zot
 47263 | Snake:2  | Reached XP level 17. HP: 72/146 MP: 29/29
 47821 | Depths:1 | Entered Level 1 of the Depths
 47821 | Depths:1 | Noticed Bai Suzhen
 48925 | Snake:2  | Found Ufuxoz's General Store.
 48997 | Snake:2  | Bought a scroll of immolation for 42 gold pieces
 48997 | Snake:2  | Bought a scroll of identify for 24 gold pieces
 48997 | Snake:2  | Bought a potion of might for 48 gold pieces
 48997 | Snake:2  | Bought a scroll of immolation for 42 gold pieces
 49207 | Snake:2  | Found Risk's Gadget Emporium.
 49208 | Snake:2  | Found Weegomi's Jewellery Boutique.
 49209 | Snake:2  | Found Gaott's Gadget Emporium.
 49218 | Snake:2  | Bought a +3 amulet of reflection for 219 gold pieces
 49226 | Snake:2  | Bought a wand of paralysis (11) for 195 gold pieces
 49230 | Snake:2  | Bought a wand of acid (13) for 510 gold pieces
 49345 | Snake:2  | Reached skill level 5 in Conjurations
 49586 | Snake:2  | Reached skill level 10 in Transmutations
 50137 | Snake:2  | Learned a level 3 spell: Spectral Weapon
 53721 | Snake:4  | Entered Level 4 of the Snake Pit
 54609 | Snake:4  | Noticed Aizul
 54623 | Snake:4  | Killed Aizul
 56086 | Snake:4  | Reached XP level 18. HP: 152/155 MP: 31/31
 56838 | Snake:4  | Reached skill level 10 in Spellcasting
 58266 | Snake:4  | Learned a level 6 spell: Deflect Missiles
 58276 | Snake:4  | Got a serpentine rune of Zot
 58936 | D:15     | Killed from afar by Bai Suzhen

Levels and vault maps discovered:
D:1:      dpeg_arrival_houses_and_road, layout_basic
D:2:      layout_basic, grunt_qazlal_sundering, nicolae_overflow_hidden_temple
D:3:      layout_loops_ring, overflow_temple_1_default, lemuel_crystal_altar,
          first_ration, minmay_misc_feat_x, minivault_5
D:4:      layout_loops_ring, grunt_dithmenos_smoke,
          minmay_temple_entry_gardened_gates, st_stairs_12,
          minmay_misc_feat_doors, minmay_misc_feat_alley
D:5:      gammafunk_steamed_eel, layout_basic, lemuel_crystal_altar, tso_altar,
          nicolae_overflow_crystal_walls, gup_sewer_entry_bowl, sword_in_stone,
          uniq_eustachio, uniq_prince_ribbit1
D:6:      layout_basic, kennysheep_mini_moat, uniq_edmund
D:7:      corexii_shantytown, layout_basic, grunt_gozag_breadcrumbs,
          serial_shops, shop_statue, enter_bailey_2
D:8:      layout_loops_corners, kennysheep_mini, gammafunk_temple_overflow_claw,
          serial_shops, nicolae_shop_crystal
D:9:      layout_rooms, uniq_psyche, uniq_maurice
D:10:     layout_basic, david_lair_generic, hangedman_little_slice_of_home,
          xom_confusion_cloud, uniq_fannar
D:11:     layout_roguey, hiddenorc2_lemuel, nicolae_trove_entry_path_of_doom
D:12:     layout_cross
D:13:     layout_loops_corners, david_vaults_2, serial_shops, shop,
          nicolae_shop_crystal, ebering_dispersal_statue_hall
D:14:     layout_basic, gammafunk_ghost_grave, minmay_statue_bubble
D:15:     grunt_enter_depths_hoard, layout_gridville, minmay_evil_grid
Temple:   corrupted_temple
Lair:1:   layout_gridlike, gammafunk_ghost_cemetery, special_room
          [special_room_bee], infiniplex_staircase_pool, uniq_erica
Lair:2:   regret_index_harrowing_hell_hive, layout_regular_city, st_stairs_8,
          chequers_serial_rivers_small_3, chequers_serial_rivers_marsh
Lair:3:   layout_cave_pods, minmay_swamp_entry_worms, special_room,
          minmay_lair_oklob_chamber, lemuel_fruit_tree
Lair:4:   layout_loops_ring, minmay_snake_entry_six_corridors, st_stairs_7
Lair:5:   layout_cave_pods, chequers_serial_rivers_room_a,
          chequers_serial_rivers_large_b, uniq_rupert
Lair:6:   cheibrodos_lair_end_hotspot, layout_misc_corridors,
          dpeg_slime_entry_enclosed_altar, serial_bayou, serial_bayou_shore_a,
          serial_bayou_ford_a, serial_bayou_pond_c, serial_bayou_pond_e,
          st_stairs_10
Swamp:1:  layout_basic_swamp, hangedman_swamp_pad, nicolae_swamp_round_clearing
Swamp:2:  layout_basic_swamp, nicolae_swamp_trees_clearing
Swamp:3:  layout_falls_marsh, evilmike_swamp_ruin_rubble_2, swamp_pool3,
          uniq_mara
Swamp:4:  swamp_vile, layout_basic_swamp
Snake:1:  layout_gridlike, serial_bayou_pond_d, grunt_megastairs_5
Snake:2:  layout_honeycomb, serial_shops, shop, minmay_shop_grove
Snake:3:  layout_cave_town
Snake:4:  snake_hunt, layout_layer_cave, grunt_ministairs_12,
          serial_bayou_lagoon_b, serial_bayou_shore_b, uniq_aizul
Orc:1:    layout_caves, serial_shops, nicolae_shop_crystal
Orc:2:    st_orc_congregation, layout_diamond_mine
Depths:1: layout_basic, grunt_pan_entry_sceptre, hell_entry,
          chequers_serial_rivers_micro_d, grunt_decor_fettered,
          kennysheep_diamond, corner_web_ring, kennysheep_small_circle,
          uniq_bai_suzhen

Skill      XL: |  1  2  3  4  5  6  7  8  9 10 11 12 13 14 15 16 17 18 |
---------------+-------------------------------------------------------+-----
Throwing       | 2 |  2.0
Dodging        | 3 4 5 6 7 9 10 12 | 12.3
Fighting       | 3 5 6 7 8 10 11 12 | 12.3
Long Blades    | 4 6 7 8 10 11 12 13 14 | 14.0
Evocations     | 4 6 7 9 10 | 10.0
Hexes          | 3 5 6 7 8 |  8.0
Spellcasting   | 2 4 6 8 9 10 | 10.3
Shields        | 4 6 8 10 11 12 | 12.3
Necromancy     | 2 5 6 8 9 |  9.0
Transmutations | 4 7 9 11 | 11.7
Stealth        | 2 3 |  3.1
Conjurations   | 4 5 |  5.8
Air Magic      | |  0.6

Action                   |  1- 3 |  4- 6 |  7- 9 | 10-12 | 13-15 | 16-18 || total
-------------------------+-------+-------+-------+-------+-------+-------++-------
Melee: Long sword        |   133 |    74 |   436 |   638 |  1031 |       ||  2312
       Tailslap          |    17 |     9 |    94 |    94 |   255 |   250 ||   719
       Scimitar          |       |       |       |       |   571 |  1541 ||  2112
Throw: Throwing net      |       |       |       |       |     1 |       ||     1
 Cast: Tukima's Dance    |       |       |     2 |       |       |   151 ||   153
       Regeneration      |       |       |       |       |     8 |    42 ||    50
       Spectral Weapon   |       |       |       |       |       |    15 ||    15
Invok: Curse Item        |       |       |     2 |     1 |     5 |     1 ||     9
 Abil: Breathe Noxious F |       |       |    27 |    27 |    44 |     9 ||   107
Evoke: Wand              |       |     1 |    18 |    11 |    14 |    23 ||    67
       Sack of spiders   |       |       |       |       |     6 |     3 ||     9
       Lamp of fire      |       |       |       |       |     1 |     2 ||     3
       Fan of gales      |       |       |       |       |       |     3 ||     3
       Phial of floods   |       |       |       |       |       |     1 ||     1
  Use: Scroll            |       |     2 |     5 |    20 |    16 |     8 ||    51
       Potion            |       |       |       |       |     4 |     6 ||    10
 Stab: Paralysed         |       |     7 |       |       |       |       ||     7
       Confused          |       |       |    25 |    18 |    36 |     9 ||    88
       Sleeping          |       |       |     5 |    11 |    14 |     8 ||    38
       Distracted        |       |       |       |     1 |       |     2 ||     3
       Held in net/web   |       |       |       |       |     1 |       ||     1
  Eat: Chunk             |     4 |     3 |    17 |    18 |    26 |     7 ||    75
       Ration            |       |     1 |     1 |     5 |    17 |    16 ||    40
Armor: Skin              |    34 |    15 |   121 |   173 |   280 |   214 ||   837
Dodge: Dodged            |   112 |    60 |   394 |   513 |   941 |   837 ||  2857
Block: Buckler           |       |       |       |       |   275 |       ||   275
       Shield            |       |       |       |       |   228 |  1164 ||  1392
       Reflection        |       |       |       |       |       |    85 ||    85
       Rpst.: Long sword |    30 |    21 |    98 |   140 |   192 |       ||   481
       Scimitar          |       |       |       |       |    62 |   173 ||   235

Table legend:
 A = Non-vault XP
 B = Vault XP
 C = Vault XP percentage of total XP
 D = Non-vault monster count
 E = Vault monster count
 F = Vault count percentage of total count
                 A         B        C        D         E       F
            +---------+---------+-------+---------+---------+-------
      Total |  226223 |   95456 |  29.7 |     882 |     413 |  31.9
            +---------+---------+-------+---------+---------+-------
        D:1 |      29 |       0 |   0.0 |      18 |       0 |   0.0
        D:2 |      40 |       0 |   0.0 |      22 |       0 |   0.0
        D:3 |      99 |       0 |   0.0 |      24 |       0 |   0.0
        D:4 |    1060 |      16 |   1.5 |       8 |       2 |  20.0
        D:5 |     422 |     916 |  68.5 |      19 |      11 |  36.7
        D:6 |     789 |     157 |  16.6 |      27 |       1 |   3.6
        D:7 |    1337 |     108 |   7.5 |      28 |      29 |  50.9
        D:8 |    2184 |       0 |   0.0 |      33 |       0 |   0.0
        D:9 |    3633 |     917 |  20.2 |      25 |       2 |   7.4
       D:10 |    2457 |    2208 |  47.3 |      28 |      19 |  40.4
       D:11 |    6221 |     980 |  13.6 |      48 |      34 |  41.5
       D:12 |    6518 |       0 |   0.0 |      35 |       0 |   0.0
       D:13 |    8321 |    1066 |  11.4 |      39 |       3 |   7.1
       D:14 |    5124 |    2305 |  31.0 |      22 |       2 |   8.3
       D:15 |   18729 |    8026 |  30.0 |      39 |      11 |  22.0
     Lair:1 |    3939 |    3812 |  49.2 |      16 |      18 |  52.9
     Lair:2 |     452 |    2335 |  83.8 |       1 |      24 |  96.0
     Lair:3 |    5734 |     885 |  13.4 |      23 |       5 |  17.9
     Lair:4 |    4468 |    1651 |  27.0 |      13 |       9 |  40.9
     Lair:5 |    3789 |    1805 |  32.3 |      18 |       1 |   5.3
     Lair:6 |    8649 |    6811 |  44.1 |      32 |      28 |  46.7
    Swamp:1 |   17306 |       0 |   0.0 |      35 |       0 |   0.0
    Swamp:2 |    8658 |       0 |   0.0 |      29 |       0 |   0.0
    Swamp:3 |    8956 |       0 |   0.0 |      21 |       0 |   0.0
    Swamp:4 |   12924 |   18214 |  58.5 |      32 |      28 |  46.7
    Snake:1 |   13451 |     572 |   4.1 |      28 |       2 |   6.7
    Snake:2 |   22986 |       0 |   0.0 |      46 |       0 |   0.0
    Snake:3 |   22948 |    5231 |  18.6 |      46 |      11 |  19.3
    Snake:4 |   27667 |   24453 |  46.9 |      49 |      31 |  38.8
      Orc:1 |    3198 |       0 |   0.0 |      47 |       0 |   0.0
      Orc:2 |    4005 |   11769 |  74.6 |      30 |      65 |  68.4
   Depths:1 |     130 |       0 |   0.0 |       1 |       0 |   0.0
      Sewer |       0 |     192 | 100.0 |       0 |      48 | 100.0
     Bailey |       0 |    1027 | 100.0 |       0 |      29 | 100.0
            +---------+---------+-------+---------+---------+-------
